 Dungeon Crawl Stone Soup version 0.27-a0-380-g150de4c316 (webtiles) character file.

Game seed: 1835321138434829835

50 jestyr24 the Insei (level 3, -2/17 HPs)
             Began as a Vine Stalker Transmuter on Feb 18, 2021.
             Slain by a lemure (5 damage)
             ... led by Pikel
             ... on level 3 of the Dungeon.
             The game lasted 00:12:22 (2641 turns).

jestyr24 the Insei (Vine Stalker Transmuter)        Turns: 2641, Time: 00:12:23

Health: -2/17      AC:  2    Str: 12 (13) XL:     3   Next: 79%
Magic:  0/8        EV: 12    Int: 10 (13) God:
Gold:   180        SH:  0    Dex: 13 (14) Spells: 6/7 levels left

rFire    . . .     SeeInvis .   d - +7 dagger (drain)
rCold    . . .     Faith    .   (no shield)
rNeg     . . .     Spirit   +   a - +0 robe
rPois    .         Reflect  .   (helmet currently unavailable)
rElec    .         Harm     .   (no cloak)
rCorr    .         Rampage  .   (no gloves)
Will     .....                  (boots currently unavailable)
Stlth    ++........             (no amulet)
HPRegen  0.05/turn              (no ring)
MPRegen  0.11/turn              (no ring)

@: brilliant, appendages (expiring)
A: fangs 2, horns 2, talons 2, magic shield, antimagic bite, no potion heal 3
a: End Transformation


You were on level 3 of the Dungeon.
You had grown temporary horns.
You had grown temporary talons.
You visited 1 branch of the dungeon, and saw 4 of its levels.

You collected 180 gold pieces.

Inventory:

Hand Weapons
 d - a +7 dagger of draining (weapon)
 h - a +0 flail
Missiles
 b - 100 stones
 i - 29 poisoned darts
Armour
 a - a +0 robe (worn)
 f - a +0 plate armour
 g - a +0 chain mail
Scrolls
 c - a scroll of noise {unknown}
 e - 2 scrolls of identify {unknown}
 j - a scroll of fog {unknown}
 p - 2 scrolls of fear {unknown}
Potions
 k - a potion of brilliance
 l - a potion of might {unknown}
 m - a potion of cancellation {unknown}
 n - a potion of curing {unknown}


   Skills:
 + Level 0.9 Fighting
 + Level 2.0 Dodging
 * Level 1.4 Stealth
 + Level 3.4 Unarmed Combat
 + Level 2.8 Spellcasting
 + Level 2.3 Transmutations


You had 6 spell levels left.
You knew the following spells:

 Your Spells              Type           Power        Failure   Level
a - Beastly Appendage     Tmut           18%          11%         1

Your spell library contained the following spells:

 Spells                   Type           Power        Failure   Level
 Wereblood                Tmut           9%           17%         2
 Spider Form              Tmut/Pois      2%           47%         3
 Ice Form                 Ice/Tmut       5%           87%         4
 Blade Hands              Tmut           4%           97%         5


Dungeon Overview and Level Annotations

Branches:
Dungeon (4/15)
 Temple: D:4-7

Altars:
Nemelex Xobeh

Annotations:
D:4 Duvessa


Innate Abilities, Weirdness & Mutations

You have extremely sharp teeth.
When hurt, damage is shared between your health and your magic reserves.
Your bite disrupts and absorbs the magic of your enemies.
Potions cannot restore your health.
You have a pair of horns on your head.
You have razor-sharp toenails.


Message History

You see here a short sword.
There is a stone staircase leading up here.
Casting: Beastly Appendage (safe; 11% risk of failure)
Confirm with . or Enter, or press ? or * to list all spells.
You grow a pair of large bovine horns.
Your feet morph into talons.
You hit the lemure but do no damage. The lemure closely misses you.
You barely miss the lemure. Your kick misses the lemure. The lemure hits you!
You hit the lemure but do no damage. Your kick misses the lemure.
You headbutt the lemure. Your bite misses the lemure.
The lemure is lightly wounded.
The lemure closely misses you.
You hit the lemure but do no damage. Your kick misses the lemure.
You bite the lemure, but do no damage.
The lemure is lightly wounded.
The lemure misses you.
You hit the lemure but do no damage. Your bite misses the lemure.
The lemure is lightly wounded.
The lemure barely misses you.
You closely miss the lemure. Your kick misses the lemure.
The lemure is lightly wounded.
The lemure hits you! The lemure misses you.
You climb upwards.
There is a stone staircase leading down here.
As you read the scroll labelled EPOTUHO POCUASH, it crumbles to dust.
It is a scroll of enchant weapon.
Your +6 dagger of draining glows red for a moment.
Your transformation is almost over.
The lemure hits you.
* * * LOW HITPOINT WARNING * * *
You sense an unholy aura.
d - a +7 dagger of draining (weapon)
You miss the lemure. Your headbutt misses the lemure.
The lemure is lightly wounded.
The lemure hits you.
* * * LOW HITPOINT WARNING * * *
It was a potion of brilliance.
You feel clever all of a sudden. The lemure hits you.
You die...

#.##.##.#...)..##.#
#.....<.#.#######.#
####.#..#.# #.#
#######.#..#.#
####.#
...........#.#
#....#
..#######.##.#
#.#### #.# #.##.#
#.# #.# #.##.#
##.#### #.# #.##.#
#@....# #.##
#....###5###.# #..#
####.....# #.# ##.#
#.###.###.# ##.# #.#
#.....# ##.# #.#
##..### ##.#
####.####..# ##.###
#..........#
....>####.##.#####.#


You could see a lemure.

Vanquished Creatures
  An adder (D:2)
  An ooze (D:3)
  2 worms (D:2)
  A leopard gecko (D:1)
  2 orcs (D:3)
  4 hobgoblins
  2 bats
  3 frilled lizards
  6 goblins
  3 kobolds
  6 rats
31 creatures vanquished.

Notes
Turn   | Place    | Note
-------+----------+-------------------------------------------
     0 | D:1      | jestyr24 the Vine Stalker Transmuter began the quest for
                  | the Orb.
     0 | D:1      | Reached XP level 1. HP: 9/9 MP: 4/4
   509 | D:1      | Reached XP level 2. HP: 14/14 MP: 4/6
  1014 | D:2      | Reached XP level 3. HP: 5/17 MP: 2/7
  1364 | D:2      | Reached skill level 1 in Stealth
  2304 | D:3      | Found a sparkling altar of Nemelex Xobeh.
  2604 | D:4      | Noticed a lemure
  2604 | D:4      | Noticed a lemure
  2604 | D:4      | Noticed a lemure
  2604 | D:4      | Noticed Duvessa
  2641 | D:3      | Slain by a lemure

Illustrated notes

Levels and vault maps discovered:
D:1:      minmay_arrival_shattered_statue, layout_basic
D:2:      layout_basic, dk_vineyard_2
D:3:      layout_loops_ring, nemelex_dance_club_becter
D:4:      black_bear_nest_2, layout_basic, grunt_temple_overflow_open,
          minmay_temple_entry_gardened_gates, serial_shops, shop,
          kennysheep_generic_room_11, uniq_pikel, uniq_sigmund, uniq_duvessa

Skill      XL: |  1  2  3 |
---------------+----------+-----
Stealth        | 1 |  1.4
Dodging        | 2 |  2.0
Fighting       | |  0.9
Unarmed Combat | |  3.4
Spellcasting   | |  2.8
Transmutations | |  2.3

Action                   || total
-------------------------++-------
Melee: Unarmed           ||    80
       Bite              ||    12
       Kick              ||    12
       Headbutt          ||     8
       Dagger            ||     1
       Punch             ||     1
 Cast: Beastly Appendage ||    17
  Use: Potion            ||     3
       Scroll            ||     1
 Stab: Sleeping          ||     2
Armor: Robe              ||    16
Dodge: Dodged            ||    43

Table legend: (Time is in decaauts)
 A = Elapsed time spent in this place.
 B = Non-inter-level travel time spent in this place.
 C = Inter-level travel time spent in this place.
 D = Time resting spent in this place.
 E = Time spent auto-exploring this place.
 F = Levels seen in this place.
 G = Mean time per level.
                   A        B        C        D        E       F      G
               +--------+--------+--------+--------+--------+-----+--------+
         Total |   2637 |   2625 |     12 |    380 |   1610 |   4 |  659.2 |
       Dungeon |   2637 |   2625 |     12 |    380 |   1610 |   4 |  659.2 |
               +--------+--------+--------+--------+--------+-----+--------+

Top non-repeatable levels by time:
     D:2: 1013 daAuts
     D:1: 892 daAuts
     D:3: 668 daAuts
     D:4: 62 daAuts
